 Dungeon Crawl Stone Soup version 0.22.1-2-g9c5b331383 (webtiles) character file.

67 Elric the Magician (level 4, -1/33 HPs)
             Began as a Draconian Wizard on Dec 1, 2018.
             Slain by an orc (3 damage)
             ... on level 3 of the Dungeon on Dec 2, 2018.
             The game lasted 00:05:48 (2882 turns).

Elric the Magician (Draconian Wizard)               Turns: 2882, Time: 00:05:49

Health: -1/33      AC:  5    Str:  9    XL:     4   Next: 0%
Magic:  10/10      EV: 12    Int: 20    God:
Gold:   88         SH:  0    Dex:  9    Spells: 8/11 levels left

rFire    . . .     SeeInvis .   d - +0 whip
rCold    . . .     Gourm    .   (no shield)
rNeg     . . .     Faith    .   (armour unavailable)
rPois    .         Spirit   .   a - +0 hat
rElec    .         Reflect  .   (no cloak)
rCorr    .         Harm     .   (no gloves)
MR       .....                  (no boots)
Stlth    ++........             (no amulet)
HPRegen  0.11/turn              (no ring)
MPRegen  0.12/turn              (no ring)

@: no status effects
A: unfitting armour, cold-blooded, AC +5
a: no special abilities


You were on level 3 of the Dungeon.
You were very hungry.

You visited 1 branch of the dungeon, and saw 3 of its levels.

You collected 88 gold pieces.

Inventory:

Hand Weapons
 d - a +0 whip (weapon)
Armour
 a - a +0 hat (worn)
Jewellery
 p - a cursed -5 ring of evasion {unknown}
Scrolls
 b - 2 scrolls of remove curse {unknown}
 j - a scroll of fog {unknown}
 l - a scroll of enchant weapon {unknown}
 m - a scroll of blinking {unknown}
 n - a scroll of noise {unknown}
Potions
 e - 3 potions of might {unknown}
 f - a potion of haste {unknown}
 g - 2 potions of cancellation {unknown}
 h - 2 potions of agility {unknown}
 i - 2 potions of degeneration {unknown}
 k - a potion of lignification {unknown}
 o - a potion of magic {unknown}
Comestibles
 c - 6 rations


   Skills:
 - Level 1.7 Dodging
 - Level 1.7 Stealth
 * Level 4.2 Spellcasting
 + Level 2.2 Conjurations
 - Level 1.0 Summonings
   Level 1.0 Translocations


You had 8 spell levels left.
You knew the following spells:

 Your Spells              Type           Power        Failure   Level  Hunger
a - Magic Dart            Conj           ##..         4%          1    None
b - Call Imp              Summ           #.......     13%         2    #......

Your spell library contained the following spells:

 Spells                   Type           Power        Failure   Level  Hunger
 Blink                    Tloc           N/A          13%         2    #......
 Slow                     Hex            #.......     19%         2    #......
 Conjure Flame            Conj/Fire      #.......     24%         3    ###....
 Mephitic Cloud           Conj/Pois/Air  #.......     28%         3    ###....


Dungeon Overview and Level Annotations

Branches:
Dungeon (3/15)

Altars:


Innate Abilities, Weirdness & Mutations

Your plain brown scales are hard. (AC +5)
You cannot fit into any form of body armour.
You are cold-blooded and may be slowed by cold attacks.


Message History

The gnoll hits you from afar with a spear.
The gnoll hits you but does no damage. The gnoll barely misses you.
The orc hits you but does no damage.
The gnoll hits you from afar with a spear.
The orc hits you.
The gnoll hits you from afar with a spear.
The orc hits you but does no damage. The gnoll barely misses you.
The orc closely misses you.
The gnoll hits you from afar with a spear!
* * * LOW HITPOINT WARNING * * *
The orc barely misses you. The gnoll hits you but does no damage.
The orc closely misses you. The gnoll closely misses you.
An orc priest comes into view. It is wielding a short sword.
The orc hits you.
* * * LOW HITPOINT WARNING * * *
The gnoll hits you from afar with a spear.
* * * LOW HITPOINT WARNING * * *
The orc hits you.
You die...

#+ .. o# ####.
.####
.....#####.....
#...@oo.#
##g....##
##.%.## #...#
+..(+ #...#
#...# #...#
#...#


You could see an orc priest, a gnoll and an orc.

Vanquished Creatures
  An adder (D:2)
  An ooze (D:1)
  A worm (D:2)
  A dart slug (D:2)
  A leopard gecko (D:1)
  5 goblins
  2 hobgoblins
  A bat (D:2)
  4 frilled lizards (D:1)
  5 kobolds
  2 rats (D:2)
24 creatures vanquished.

Vanquished Creatures (collateral kills)
  4 gnolls (D:2)
  A goblin (D:2)
  4 jackals (D:2)
  A rat (D:2)
10 creatures vanquished.

Grand Total: 34 creatures vanquished

Notes
Turn   | Place    | Note
-------+----------+-------------------------------------------
     0 | D:1      | Elric the Draconian Wizard began the quest for the Orb.
     0 | D:1      | Reached XP level 1. HP: 14/14 MP: 4/4
   417 | D:1      | Reached XP level 2. HP: 15/20 MP: 0/6
   421 | D:1      | Learned a level 2 spell: Call Imp
  1523 | D:2      | HP: 1/20 [worm (7)]
  1885 | D:2      | Reached XP level 3. HP: 4/26 MP: 1/8
  1917 | D:2      | Reached skill level 4 in Spellcasting
  2714 | D:2      | Reached XP level 4. HP: 33/33 MP: 3/10
  2882 | D:3      | Slain by an orc

Skill      XL: |  1  2  3 |
---------------+----------+-----
Conjurations   | 2 |  2.2
Spellcasting   | 4 |  4.2
Dodging        | |  1.7
Stealth        | |  1.7
Summonings     | |  1.0
Translocations | |  1.0

Action                   |  1- 3 |  4- 6 || total
-------------------------+-------+-------++-------
Melee: Whip              |    32 |       ||    32
       Unarmed           |     1 |       ||     1
       Tailslap          |     3 |       ||     3
 Cast: Magic Dart        |    60 |     1 ||    61
       Call Imp          |     8 |       ||     8
  Eat: Chunk             |     5 |       ||     5
Armor: Skin              |    14 |     4 ||    18
Dodge: Dodged            |    33 |     7 ||    40
